 Dungeon Crawl Stone Soup version 0.22.1-1-ga44c0e56f4 (webtiles) character file.

12 AlolanVulpixel the Skirmisher (level 2, -1/24 HPs)
             Began as a Demonspawn Abyssal Knight on Sept 27, 2018.
             Was a Follower of Lugonu.
             Engulfed by a cloud of flame (15 damage)
             ... on level 1 of the Dungeon.
             The game lasted 00:01:18 (944 turns).

AlolanVulpixel the Skirmisher (DsAK)                 Turns: 944, Time: 00:01:19

Health: -1/24      AC:  5    Str: 12    XL:     2   Next: 20%
Magic:  4/4        EV: 11    Int: 13    God:    Lugonu [*.....]
Gold:   47         SH:  0    Dex: 12    Spells: 1/1 levels left

rFire    + . .     SeeInvis .   a - +1 mace
rCold    x . .     Gourm    .   (no shield)
rNeg     . . .     Faith    .   b - +0 leather armour
rPois    .         Spirit   .   (no helmet)
rElec    .         Reflect  .   (no cloak)
rCorr    .         Harm     .   (no gloves)
MR       .....                  g - +1 pair of boots
Stlth    +.........             (no amulet)
HPRegen  0.08/turn              n - ring of fire
MPRegen  0.09/turn              (no ring)

@: no status effects
A: demonic guardian 1
a: Depart the Abyss, Renounce Religion


You were on level 1 of the Dungeon.
You worshipped Lugonu.
Lugonu was aware of your devotion.
You were not hungry.

You visited 1 branch of the dungeon, and saw 1 of its levels.
You visited the Abyss 1 time.

You collected 47 gold pieces.

Inventory:

Hand Weapons
 a - a +1 mace (weapon)
Missiles
 k - 54 stones (quivered)
Armour
 b - a +0 leather armour (worn)
 g - a +1 pair of boots (worn)
Jewellery
 n - a ring of fire (left hand)
Scrolls
 h - 2 scrolls of magic mapping {unknown}
 i - a scroll of remove curse {unknown}
 j - a scroll of identify {unknown}
 l - a scroll of fear {unknown}
Potions
 d - a potion of lignification {unknown}
 e - a potion of brilliance {unknown}
 f - 2 potions of curing {unknown}
 m - 2 potions of agility {unknown}
Comestibles
 c - 2 rations


   Skills:
 + Level 3.3 Fighting
 + Level 2.0 Maces & Flails
 + Level 1.9 Armour
 + Level 0.8 Dodging
 + Level 2.6 Invocations


You had one spell level left.
You didn't know any spells.
Your spell library was empty.

Dungeon Overview and Level Annotations

Branches:
Dungeon (1/15)

Altars:


Innate Abilities, Weirdness & Mutations

A weak demonic guardian rushes to your aid.


Message History

You sock the leopard gecko!
You kill the leopard gecko!
Lugonu accepts your kill.
Your Maces & Flails skill increases to level 2!
No target in view!
No target in view!
You see here a leopard gecko corpse.
You see here a leopard gecko corpse.
You open the door.
There is an open door here.
You see here a hobgoblin corpse.
There is an open door here.
There is an open door here.
Partly explored, can't reach some items and places.
Really walk into a travel-excluded area?
You now have 47 gold pieces (gained 10).
You are engulfed in blazing flames.
You resist.
You are engulfed in blazing flames.
You resist.
Ouch! That really hurt!
You die...

########## #........# #.#####...#
#.# #§§§# #.# #§§§# # #.# #§§§# #
####.#####...###### #
......§§§..$..§§§.########## #
####..§§§..$..§§@..........######
#..§§§..$..§§§.########.#.....
#.#####...#####..............#
#.# #§§§# #.......#.#.##.# ###.#
#§§.# #.#####.#.#.##.# #...#
#§§§# #.......#.#.##.# #...##
##...#############.#.##.# #....#
#.......'........#.#..#.# #....#
#.......########.#.##.#.#


There were no monsters in sight!

Vanquished Creatures
  A leopard gecko (D:1)
  A giant cockroach (D:1)
  2 goblins (D:1)
  2 hobgoblins (D:1)
  2 frilled lizards (D:1)
  3 rats (D:1)
11 creatures vanquished.

Notes
Turn   | Place    | Note
-------+----------+-------------------------------------------
     0 | Abyss:1  | AlolanVulpixel the Demonspawn Abyssal Knight began the
                  | quest for the Orb.
     0 | Abyss:1  | Reached XP level 1. HP: 18/18 MP: 2/2
     0 | D:1      | Escaped the Abyss
   180 | D:1      | Reached * piety under Lugonu
   725 | D:1      | Gained mutation: A weak demonic guardian rushes to your
                  | aid. [demonic ancestry]
   725 | D:1      | Reached XP level 2. HP: 24/24 MP: 4/4
   944 | D:1      | Engulfed by a cloud of flame

Skill      XL: |  1  2 |
---------------+-------+-----
Maces & Flails | 2 |  2.0
Fighting       | |  3.3
Armour         | |  1.9
Dodging        | |  0.8
Invocations    | |  2.6

Action                   || total
-------------------------++-------
Melee: Mace              ||    37
Invok: Depart the Abyss  ||     1
Armor: Leather armour    ||    13
Dodge: Dodged            ||    22
